 Dungeon Crawl Stone Soup version 0.31-a0-102-g33a4ccc0cb (webtiles) character file.

Game seed: 5226282685557788627

861 NateTC the Magician (level 8, 0/50 HPs)
             Began as a Djinni Conjurer on May 27, 2023.
             Slain by Edmund
             ... wielding a +5 flail of protection
              (3 damage)
             ... on level 4 of the Dungeon.
             The game lasted 00:06:18 (3641 turns).

NateTC the Magician (Djinni Conjurer)               Turns: 3641, Time: 00:06:18

Health: 0/50       AC:  4    Str:  6    XL:     8   Next: 22%
Gold:   164        EV: 12    Int: 23    God:
                   SH:  0    Dex: 11

rFire   + + .        (no weapon)
rCold   x . .        (no shield)
rNeg    . . .        a - +0 robe
rPois   ∞            b - +1 helmet
rElec   .            (no cloak)
rCorr   .            (no gloves)
SInv    .            (boots unavailable)
Will    .....        (no amulet)
Stlth   ++           (no ring)
HPRegen 0.28/turn    (no ring)
MPRegen 0.00/turn

%: infuse magic (-1 HP)
@: about to teleport, flying
A: sickness immunity, fire resistance 2, cold vulnerability 1, float, innate
caster, HP casting, extra vitality 1
a: no special abilities


You were on level 4 of the Dungeon.
You visited 1 branch of the dungeon, and saw 4 of its levels.

You collected 164 gold pieces.

Inventory:

Armour
 a - a +0 robe (worn)
 b - a +1 helmet (worn)
Jewellery
 d - a +6 ring of strength
Wands
 i - a wand of digging (7)
 m - a wand of flame (18)
 n - a wand of polymorph (4)
Scrolls
 e - a scroll of magic mapping
 g - a scroll of teleportation
 l - a scroll of identify
Potions
 c - a potion of cancellation
 f - 2 potions of heal wounds
 h - 2 potions of curing
 j - 2 potions of enlightenment {unknown}
 k - a potion of mutation {unknown}


   Skills:
 - Level 2.1 Dodging
 - Level 1.5 Stealth
 + Level 7.4 Spellcasting
 + Level 7.4 Conjurations
 + Level 7.4 Hexes
 + Level 7.4 Summonings
 + Level 7.4 Necromancy
 + Level 7.4 Translocations
 + Level 7.4 Transmutations
 + Level 7.4 Fire Magic
 + Level 7.4 Ice Magic
 + Level 7.4 Air Magic
 + Level 7.4 Earth Magic
 + Level 7.4 Poison Magic


You knew the following spells:

 Your Spells              Type           Power      Damage    Failure   Level
a - Magic Dart            Conj           100%       1d8       1%          1
b - Searing Ray           Conj           84%        2d7       1%          2
c - Dazzling Flash        Conj/Hex       76%        N/A       1%          3
d - Fulminant Prism       Conj/Hex       19%        3d11      4%          4
e - Iskenderun's Mystic   Conj/Tloc      38%        2d9       4%          4
f - Shock                 Conj/Air       100%       1d9       1%          1
g - Passwall              Tmut/Erth      31%        N/A       1%          2
h - Teleport Other        Tloc           42%        N/A       1%          3
Your spell library was empty.

Dungeon Overview and Level Annotations

Branches:
Dungeon (4/15) Zot: 20358  Temple (0/1) D:4

Altars:
Dithmenos
Fedhas
Hepliaklqana
Makhleb
Trog
Uskayaw

Shops:
D:1 =

Annotations:
D:4 Edmund


Innate Abilities, Weirdness & Mutations

You are immune to sickness and miasma.
You are immune to poison.
Your flesh is very heat resistant. (rF++)
You are vulnerable to cold. (rC-)
You float through the air rather than walking.
You learn spells naturally, not from books.
Your magical power is your life essence.
You have superior vitality. (+4 MHP)


Message History

Casting: Fulminant Prism (dangerous; 4% risk of failure)
Confirm with . or Enter, or press ? or * to list all spells.
Aiming: Fulminant Prism (dangerous; 4% risk of failure)
Press: ? - help, Dir - move target, f - Edmund
Aim: Edmund, wielding a +5 flail of protection and wearing a +0 chain mail of cold resistance (ally target)
Okay, then.
Your fulminant prism explodes!
The blast of energy engulfs Edmund!
Edmund is moderately wounded.
The blast of energy engulfs the quokka!!
You kill the quokka!
Casting: Fulminant Prism (dangerous; 4% risk of failure)
Confirm with . or Enter, or press ? or * to list all spells.
Aiming: Searing Ray (safe; 1% risk of failure)
Press: ? - help, Shift-Dir - straight line, f - Edmund
Aim: Edmund, wielding a +5 flail of protection and wearing a +0 chain mail of cold resistance (moderately wounded, 87% to hit)
The searing ray hits Edmund.
Edmund is moderately wounded. (Press . to maintain the ray.)
The searing ray hits Edmund!
Edmund is heavily wounded.
The searing ray hits Edmund.
Edmund is heavily wounded.
A scorpion comes into view.
Edmund hits you with a +5 flail of protection!
* * * LOW HITPOINT WARNING * * *
Casting: Searing Ray (safe; 1% risk of failure)
Confirm with . or Enter, or press ? or * to list all spells.
You erupt in a blast of force!
The mystic blast hits Edmund.
Edmund is severely wounded.
Edmund is knocked back by the mystic blast.
* * * LOW HITPOINT WARNING * * *
There are monsters nearby!
Found a long sword and a silvery potion.
As you read the scroll of teleportation, it crumbles to dust.
You feel strangely unstable.
Edmund gestures with his flail.
Edmund attacks as you move away!
Edmund hits you with a +5 flail of protection.
You die...

.. ........ ...! ##........
....###........
...)).$.....). ...##...##..#
# #.##.s.##..#.#
#.....)...##.#
#....>@....#.##
#.....@.......# . ...
...##...##.....# .. ...
....##...##.....# .###.##.
)).........##### .......
!.#........#
..#..#####.........##
.†..................#########
............................#
..............###'###.......#


You could see Edmund and a scorpion.

Vanquished Creatures
  Grinder (D:3)
  Sigmund (D:2)
  A kobold brigand (D:3)
  A scorpion (D:4)
  A howler monkey (D:4)
  A hound (D:4)
  3 jellies (D:2)
  Ijyb (D:4)
  Terence (D:2)
  Robin (D:2)
  4 adders
  4 dart slugs
  5 orcs
  6 ball pythons
  13 endoplasms
  2 giant cockroaches
  18 goblins
  6 hobgoblins
  10 jackals
  6 quokkas
  6 bats
  5 frilled lizards
  25 kobolds
  8 rats
130 creatures vanquished.

Vanquished Creatures (others)
  9 fulminant prisms
9 creatures vanquished.

Grand Total: 139 creatures vanquished

Notes
Turn   | Place    | Note
-------+----------+-------------------------------------------
     0 | D:1      | NateTC the Djinni Conjurer began the quest for the Orb.
     0 | D:1      | NateTC set off with the following spells memorised: Magic
                  | Dart, Searing Ray, Dazzling Flash, Fulminant Prism,
                  | Iskenderun's Mystic Blast.
     0 | D:1      | Reached XP level 1. HP: 15/15 MP: 0/0
    73 | D:1      | Reached XP level 2. HP: 19/21 MP: 0/0
   260 | D:1      | Reached XP level 3. HP: 23/25 MP: 0/0
   260 | D:1      | Learned a level 1 spell: Shock
   456 | D:1      | Found Moexte's Jewellery Boutique.
  1030 | D:2      | Reached XP level 4. HP: 26/31 MP: 0/0
  1107 | D:2      | HP: 1/31 [kobold/+0 short sword (1)]
  1129 | D:1      | HP: 1/31 [kobold/+0 dagger (3)]
  1397 | D:2      | Noticed Sigmund
  1403 | D:2      | Killed Sigmund
  1404 | D:2      | Reached skill level 5 in Spellcasting
  1404 | D:2      | Reached skill level 5 in Conjurations
  1404 | D:2      | Reached skill level 5 in Hexes
  1404 | D:2      | Reached skill level 5 in Summonings
  1404 | D:2      | Reached skill level 5 in Necromancy
  1404 | D:2      | Reached skill level 5 in Translocations
  1404 | D:2      | Reached skill level 5 in Transmutations
  1404 | D:2      | Reached skill level 5 in Fire Magic
  1404 | D:2      | Reached skill level 5 in Ice Magic
  1404 | D:2      | Reached skill level 5 in Air Magic
  1404 | D:2      | Reached skill level 5 in Earth Magic
  1404 | D:2      | Reached skill level 5 in Poison Magic
  1404 | D:2      | Reached XP level 5. HP: 30/35 MP: 0/0
  1404 | D:2      | Learned a level 2 spell: Passwall
  1404 | D:2      | Reached XP level 6. HP: 34/40 MP: 0/0
  1481 | D:2      | Found a faded altar of an unknown god.
  1522 | D:2      | Noticed Terence
  1529 | D:2      | Killed Terence
  1668 | D:2      | Found a shadowy altar of Dithmenos.
  1741 | D:2      | Noticed Robin
  1754 | D:2      | Killed Robin
  2044 | D:2      | Reached XP level 7. HP: 32/45 MP: 0/0
  2044 | D:2      | Learned a level 3 spell: Teleport Other
  2575 | D:3      | Noticed Grinder
  2584 | D:3      | Killed Grinder
  3110 | D:3      | Found a bloodstained altar of Trog.
  3255 | D:4      | Reached XP level 8. HP: 15/50 MP: 0/0
  3425 | D:4      | Found a burning altar of Makhleb.
  3425 | D:4      | Noticed a balrug
  3449 | D:4      | Found a hide-covered altar of Uskayaw.
  3450 | D:4      | Found a hazy altar of Hepliaklqana.
  3503 | D:4      | Noticed Ijyb
  3512 | D:4      | Killed Ijyb
  3582 | D:4      | Found a blossoming altar of Fedhas.
  3594 | D:4      | Found a staircase to the Ecumenical Temple.
  3629 | D:4      | Noticed Edmund
  3641 | D:4      | Slain by Edmund

Illustrated notes

Levels and vault maps discovered:
D:1:      psy_arrival_basics, layout_basic, serial_shops,
          nicolae_shop_tiny_glass
D:2:      cheibrodos_fertilizer, layout_rooms,
          shapermc_ecumenical_altar_mp_urbaneastern, basic_altar, serial_curves,
          eino_curves_02, eino_curves_02, eino_curves_03, serial_park_tiny_pond,
          grunt_decor_arrowhead, uniq_robin, uniq_sigmund, uniq_terence
D:3:      cheibrodos_thug_alley, layout_rooms,
          mainiacjoe_overflow_surrounded_room, minmay_misc_feat_secret_circle,
          minmay_misc_feat_x, uniq_grinder
D:4:      layout_rooms, gammafunk_temple_overflow_pools,
          mainiacjoe_overflow_chevrons, makhleb_altar_promises_db,
          lemuel_doored_altar, minmay_temple_entry_stoned_glass,
          nicolae_shop_i_like_small_books_too, uniq_edmund, uniq_ijyb

Skill      XL: |  1  2  3  4  5  6  7 |
---------------+----------------------+-----
Spellcasting   | 4 5 6 7 |  7.4
Conjurations   | 4 5 6 7 |  7.4
Hexes          | 4 5 6 7 |  7.4
Summonings     | 4 5 6 7 |  7.4
Necromancy     | 4 5 6 7 |  7.4
Translocations | 4 5 6 7 |  7.4
Transmutations | 4 5 6 7 |  7.4
Fire Magic     | 4 5 6 7 |  7.4
Ice Magic      | 4 5 6 7 |  7.4
Air Magic      | 4 5 6 7 |  7.4
Earth Magic    | 4 5 6 7 |  7.4
Poison Magic   | 4 5 6 7 |  7.4
Dodging        | |  2.1
Stealth        | |  1.5

Action                     |  1- 3 |  4- 6 |  7- 9 || total
---------------------------+-------+-------+-------++-------
  Melee: Unarmed           |       |       |     2 ||     2
   Cast: Magic Dart        |    61 |    63 |    88 ||   212
         Searing Ray       |       |     3 |     4 ||     7
         Dazzling Flash    |       |     1 |       ||     1
         Iskenderun's Myst |       |     2 |     3 ||     5
         Fulminant Prism   |       |     1 |     8 ||     9
    Use: Scroll            |     6 |       |     6 ||    12
         Potion            |       |     1 |       ||     1
 Armour: Robe              |     1 |    10 |     3 ||    14
  Dodge: Dodged            |     7 |    33 |     8 ||    48

Table legend: (Time is in decaauts)
 A = Elapsed time spent in this place.
 B = Non-inter-level travel time spent in this place.
 C = Inter-level travel time spent in this place.
 D = Time resting spent in this place.
 E = Time spent auto-exploring this place.
 F = Levels seen in this place.
 G = Mean time per level.
                   A        B        C        D        E       F      G
               +--------+--------+--------+--------+--------+-----+--------+
         Total |   3641 |   3554 |     87 |    757 |   2262 |   4 |  910.2 |
       Dungeon |   3641 |   3554 |     87 |    757 |   2262 |   4 |  910.2 |
               +--------+--------+--------+--------+--------+-----+--------+

Top non-repeatable levels by time:
     D:2: 1210 daAuts
     D:1: 1151 daAuts
     D:3: 851 daAuts
     D:4: 427 daAuts
